 Dungeon Crawl Stone Soup version 0.30.0-29-ga12c61a403 (webtiles) character file.

Game seed: 2364053943337339090

349 AgateBread the Poker (level 6, -3/76 HPs)
             Began as a Merfolk Fighter on June 24, 2023.
             Asphyxiated
             ... in a sewer.
             The game lasted 00:12:43 (3042 turns).

AgateBread the Poker (Merfolk Fighter)              Turns: 3042, Time: 00:12:43

Health: -3/76      AC: 23    Str: 19    XL:     6   Next: 60%
Magic:  6/6        EV:  2    Int:  7    God:
Gold:   234        SH:  5    Dex: 13    Spells: 5/5 levels left

rFire   . . .        a - +0 trident
rCold   . . .        c - +0 buckler
rNeg    + . .        b - melded +0 scale mail
rPois   +            (helmet currently unavailable)
rElec   .            (cloak currently unavailable)
rCorr   .            r - melded +0 pair of gloves
SInv    .            (boots currently unavailable)
Will    .....        (no amulet)
Stlth   +            q - ring of positive energy
HPRegen 0.32/turn    (no ring)
MPRegen 0.10/turn

%: no passive effects
@: lethally poisoned (-3 -> -8), tree-form, slowed, very slow
A: stationary, stasis, torment immunity, boosted hp, (nimble swimmer 2),
(mertail)
a: no special abilities


You were in a sewer.
You were a tree.
You visited 1 branch of the dungeon, and saw 3 of its levels.
You also visited: Sewer.

You collected 234 gold pieces.

Inventory:

Hand Weapons
 a - a +0 trident (weapon)
 w - a +2 whip of venom
Armour
 b - a +0 scale mail (melded)
 c - a +0 buckler (worn)
 h - a +0 ring mail
 r - a +0 pair of gloves (melded)
Magical Staves
 p - a staff of cold
Jewellery
 k - a ring of ice
 q - a ring of positive energy (left branch)
 s - an amulet of faith
Scrolls
 f - 2 scrolls of immolation
 j - a scroll of enchant weapon {unknown}
 m - a scroll of blinking {unknown}
 n - a scroll of acquirement {unknown}
Potions
 d - 2 potions of might
 e - 3 potions of magic


   Skills:
 + Level 5.2 Fighting
 + Level 5.5 Polearms
 - Level 2.1 Armour
 + Level 4.8 Shields


You had 5 spell levels left.
You didn't know any spells.
Your spell library was empty.

Dungeon Overview and Level Annotations

Branches:
Dungeon (3/15)              Sewer (1/1)

Altars:


Innate Abilities, Weirdness & Mutations

You are a tree.
Your roots penetrate the ground, keeping you stationary.
You cannot be teleported.
You are immune to unholy pain and torment.
Your maximum health is greatly increased.
Your equipment is partially melded.
((You are very nimble when in or above water. (Stealth+, EV+, Speed+++)))
((Your lower body shifts to a powerful aquatic tail in water.))


Message History

The curare-tipped dart hits you.
You are lethally poisoned!
You have difficulty breathing.
You feel as though you will be slow longer.
It was a potion of curing.
You feel better.
You feel less invigorated.
The kobold brigand throws a curare-tipped dart.
The curare-tipped dart hits you.
You are poisoned.
You have difficulty breathing.
You feel as though you will be slow longer.
The kobold brigand throws a poisoned dart.
The poisoned dart hits you!
You are more poisoned.
The kobold brigand throws a poisoned dart.
The poisoned dart hits you!
You are lethally poisoned!
As you read the scroll labelled MAEGARH CYJASIRR, it crumbles to dust.
You feel strangely unstable.
It was a scroll of teleportation.
You feel extremely sick.
You kill the kobold brigand!
You hear a splash. x2
It was a potion of lignification.
You turn into a tree.
Your +0 pair of gloves melds into your body.
Your +0 scale mail melds into your body.
Your roots penetrate the ground.
You feel strangely stable.
You feel extremely sick.
The kobold brigand throws a poisoned dart.
The poisoned dart hits you!
You are lethally poisoned!
* * * LOW HITPOINT WARNING * * *
You feel extremely sick.
* * * LOW HITPOINT WARNING * * *
You feel very sick.
* * * LOW HITPOINT WARNING * * *
You feel very sick.
* * * LOW HITPOINT WARNING * * *
You feel very sick.
The kobold brigand throws a curare-tipped dart.
The curare-tipped dart hits you.
You have difficulty breathing.
You die...

#~###.# #~~~)~# ##~~~##
#.~.# #.~.# ##~~.#
##.~.~# ### ###~.~~~#
#####~○☼○K
~~~.~..########○♣~○○#
.~~~.####○○☼~.~○###~○K~○
....## #~~~~~☼.w# #####
..~~####.°.○°○~.###~~~K.#
~~..~##.~°~####☼~.~~#
...~~.~~.☼## #####~~~w.#
.~~~~~~~.## #####
.......~~# .∩.~~..~.#


You could see 2 kobold brigands and a worm.

Vanquished Creatures
  3 kobold brigands (Sewer)
  A river rat (Sewer)
  7 adders
  2 worms (D:3)
  3 dart slugs
  5 ball pythons
  7 endoplasms
  A giant cockroach (D:2)
  4 goblins
  5 hobgoblins
  6 kobolds
  A quokka (D:1)
  6 bats
  6 frilled lizards
  6 rats
63 creatures vanquished.

Notes
Turn   | Place    | Note
-------+----------+-------------------------------------------
     0 | D:1      | AgateBread the Merfolk Fighter began the quest for the Orb.
     0 | D:1      | Reached XP level 1. HP: 18/18 MP: 1/1
    84 | D:1      | Found a faded altar of an unknown god.
   251 | D:1      | Reached XP level 2. HP: 20/24 MP: 2/2
   604 | D:1      | Reached XP level 3. HP: 29/30 MP: 3/3
  1705 | D:2      | Reached XP level 4. HP: 32/37 MP: 4/4
  2646 | D:3      | Reached XP level 5. HP: 38/43 MP: 5/5
  2661 | D:3      | Found a glowing drain.
  2676 | Sewer    | Entered a sewer
  2722 | Sewer    | Noticed a kobold brigand
  2744 | Sewer    | Killed a kobold brigand
  2934 | Sewer    | Noticed a kobold brigand
  2954 | Sewer    | Killed a kobold brigand
  2955 | Sewer    | Reached skill level 5 in Fighting
  2955 | Sewer    | Reached skill level 5 in Polearms
  2955 | Sewer    | Reached XP level 6. HP: 40/51 MP: 6/6
  3042 | Sewer    | Asphyxiated

Illustrated notes

Levels and vault maps discovered:
D:1:      dpeg_arrival_boxes_within_box, layout_basic,
          shapermc_ecumenical_altar_mp_highgroup, kennysheep_pointless_box,
          st_stairs_1, dreamdust_wishing_well, minmay_close_crescents
D:2:      layout_basic, hangedman_decor_points
D:3:      layout_loops_ring, nicolae_overflow_hidden_temple,
          gammafunk_temple_overflow_forgotten,
          nicolae_kikubaaqudgha_miasma_corner, lightli_sewer_entry_pipes
Sewer:    sewer_co_tree

Skill      XL: |  1  2  3  4  5 |
---------------+----------------+-----
Polearms       | 3 4 5 |  5.5
Fighting       | 4 5 |  5.2
Shields        | 4 |  4.8
Armour         | |  2.1

Action                     |  1- 3 |  4- 6 || total
---------------------------+-------+-------++-------
  Melee: Trident           |   115 |   113 ||   228
         Tailslap          |       |     7 ||     7
  Throw: Dart              |       |     1 ||     1
    Use: Scroll            |     1 |     6 ||     7
         Potion            |       |     4 ||     4
 Armour: Scale mail        |    56 |    32 ||    88
  Dodge: Dodged            |    40 |    48 ||    88
  Block: Buckler           |    21 |    17 ||    38
